 Dungeon Crawl Stone Soup version 0.27-a0-1202-ge72e49191c (webtiles) character file.

Game seed: 7059203845609973461

6584 toffzen the Spear-Bearer (level 10, -7/91 HPs)
             Began as a Minotaur Berserker on June 4, 2021.
             Was a High Priest of Trog.
             Hit by a large rock thrown by a cyclops (40 damage)
             ... on level 10 of the Dungeon.
             The game lasted 00:13:30 (10378 turns).

toffzen the Spear-Bearer (Minotaur Berserker)      Turns: 10378, Time: 00:13:30

Health: -7/91      AC: 18    Str: 25    XL:     10   Next: 71%
Magic:  9/9        EV: 11    Int:  4    God:    Trog [*****.]
Gold:   677        SH:  0    Dex: 19    Spells: 9/9 levels left

rFire    + . .     SeeInvis .   J - +10 glaive of Moqeiguf {protect, rPois rF+ rC+ Dex+3}
rCold    + . .     Faith    .   (shield currently unavailable)
rNeg     . . .     Spirit   .   x - +5 plate armour
rPois    +         Reflect  .   (helmet restricted)
rElec    .         Harm     .   y - scarf {+Inv}
rCorr    .         Rampage  .   (no gloves)
Will     .....                  (no boots)
Stlth    ..........             H - amulet of regeneration
HPRegen  1.25/turn              o - +6 ring of dexterity
MPRegen  0.11/turn              (no ring)

@: about to teleport, on berserk cooldown, slowed, very slow
A: horns 2, retaliatory headbutt
a: Renounce Religion, Evoke Invisibility, Berserk, Trog's Hand, Brothers in Arms


You were on level 10 of the Dungeon.
You worshipped Trog.
Trog was extremely pleased with you.
You visited 1 branch of the dungeon, and saw 10 of its levels.

You collected 677 gold pieces.

Inventory:

Hand Weapons
 a - a +1 vorpal spear
 b - the +8 hand axe "Alall" {antimagic, rPois Int+3 Dex-4}
   (You found it on level 7 of the Dungeon)

   It reduces the magical energy of the wielder, and disrupts the spells and
   magical abilities of those hit.
   Natural abilities and divine invocations are not affected.
   It affects your intelligence (+3).
   It affects your dexterity (-4).
   It protects you from poison.
 J - the +10 glaive of Moqeiguf (weapon) {protect, rPois rF+ rC+ Dex+3}
   (You found it on level 8 of the Dungeon)

   It grants its wielder temporary protection when it strikes (+7 to AC).
   It affects your dexterity (+3).
   It protects you from fire.
   It protects you from cold.
   It protects you from poison.
Missiles
 n - 309 stones
Armour
 k - a +0 buckler
 x - a +5 plate armour (worn)
 y - a scarf of invisibility (worn)
 B - the +4 ring mail of Meplus {rC+}
   (You found it on level 6 of the Dungeon)

   It protects you from cold.
Jewellery
 h - an amulet of the acrobat
 o - a +6 ring of dexterity (left hand)
 H - an amulet of regeneration (around neck)
Wands
 c - a wand of charming (8)
 g - a wand of mindburst (5)
 m - a wand of digging (4)
 p - a wand of polymorph (15)
 C - a wand of acid (9)
 E - a wand of flame (32)
Scrolls
 d - a scroll of fog
 f - 2 scrolls of teleportation
 l - a scroll of noise
 q - a scroll of enchant weapon
 s - a scroll of blinking
Potions
 e - 2 potions of magic
 i - a potion of resistance {unknown}
 r - 2 potions of heal wounds {unknown}
 t - a potion of mutation {unknown}
 u - a potion of haste {unknown}
 v - a potion of berserk rage {unknown}
 w - 2 potions of attraction {unknown}
 z - a potion of might {unknown}
 I - 2 potions of curing
 K - 2 potions of invisibility {unknown}


   Skills:
 + Level 9.0 Fighting
 * Level 11.9 Polearms
 + Level 8.7 Armour
 + Level 7.9 Dodging
 - Level 6.7 Shields


You had 9 spell levels left.
You didn't know any spells.
Your spell library was empty.

Dungeon Overview and Level Annotations

Branches:
Dungeon (10/15)            Temple (0/1) D:4            Lair (0/6) D:10
    Orc: D:9-12

Altars:
Gozag
Makhleb
Nemelex Xobeh
Qazlal
Ru
Sif Muna
Uskayaw
The Shining One

Shops:
D:8 :*[:

Annotations:
D:5 3 runed translucent doors, Gruesome's ghost, novice OpEE


Innate Abilities, Weirdness & Mutations

You have a pair of horns on your head.
You reflexively headbutt those who attack you in melee.


Message History

Trog accepts your kill.
Your Fighting skill increases to level 9!
You slam the door shut with a bang, pushing everything out of the way!
You start resting.
You feel a strong urge to attack something.
You start resting.
You feel your anger nearly subside.
You are no longer berserk.
You are exhausted.
You feel yourself slow down.
You start resting.
Something unseen opens the door.
A two-headed ogre is nearby!
You hit the two-headed ogre.
Your weapon exudes an aura of protection.
You headbutt the two-headed ogre.
The two-headed ogre is lightly wounded.
The two-headed ogre hits you with a +1 dire flail of holy wrath!!
The two-headed ogre barely misses you.
You slash the two-headed ogre!
The two-headed ogre is moderately wounded.
You feel the effects of Trog's Hand fading.
The two-headed ogre closely misses you. You furiously retaliate!
You headbutt the two-headed ogre. The two-headed ogre closely misses you.
You hit the two-headed ogre. You headbutt the two-headed ogre.
The two-headed ogre is heavily wounded.
The two-headed ogre hits you with a +1 dire flail of holy wrath.
The two-headed ogre hits you but does no damage.
The two-headed ogre hits you with a +1 dire flail of holy wrath.
The two-headed ogre hits you with a +0 giant club!!
* * * LOW HITPOINT WARNING * * *
Okay, then.
As you read the scroll of fear, it crumbles to dust.
You assume a fearsome visage.
The two-headed ogre looks frightened!
As you read the scroll of teleportation, it crumbles to dust.
You feel strangely unstable.
The two-headed ogre cowers, then darts away.
The cyclops hits you but does no damage.
Your skin stops crawling.
You feel less strong-willed.
The cyclops throws a large rock.
The large rock hits you!!!
You die...

## ####### .# #.....####### .#
##################............ .#
#............)...+..........##
.###.################..........#.
......#######.....###..........#.
......#.>...'....................
......#.#####...@..######......#.
##....#.# #)...................
###'##(# #.C##################
#.##.# #)#○)....D.. #.##.#
#.#R#######.
####.##.#####.##○....C.#
.....##.#.<.#..#.#####.#
........'...+..##.
####....#...#...#.#


You could see a cyclops.

Vanquished Creatures
  A fire crab (shapeshifter) (D:10)
  An efreet (D:10)
  Grinder (D:4)
  8 yaks
  A wraith (D:9)
  2 steam dragons (D:9)
  A water moccasin (D:8)
  A sky beast (D:7)
  6 orc warriors
  2 black bears
  A hornet zombie (D:9)
  2 ogres
  A centaur (D:9)
  A kobold brigand (D:10)
  Blork the orc (D:5)
  4 bullfrogs
  A wyvern zombie (D:8)
  3 gnoll sergeants
  4 scorpions
  A water moccasin skeleton (D:7)
  6 wights
  10 howler monkeys
  3 centaur zombies
  A jelly (D:6)
  2 hounds (D:5)
  2 bullfrog skeletons
  6 iguanas
  7 orc priests
  Jessica (D:3)
  5 orc wizards
  A killer bee zombie (D:3)
  A hound skeleton (D:4)
  A howler monkey zombie (D:7)
  11 adders
  16 gnolls
  A shadow imp (D:5)
  An ufetubus (D:6)
  A worm (D:3)
  2 dart slugs
  39 orcs
  8 ball pythons
  2 bats
  9 endoplasms
  3 giant cockroaches
  11 goblins
  6 hobgoblins
  4 jackals (D:3)
  7 kobolds
  2 quokkas
  2 frilled lizards (D:1)
  7 rats
221 creatures vanquished.

Vanquished Creatures (others)
  7 plants
7 creatures vanquished.

Grand Total: 228 creatures vanquished

Notes
Turn   | Place    | Note
-------+----------+-------------------------------------------
     0 | D:1      | toffzen the Minotaur Berserker began the quest for the Orb.
     0 | D:1      | Reached XP level 1. HP: 19/19 MP: 0/0
   312 | D:1      | Found a faded altar of an unknown god.
   523 | D:1      | Reached XP level 2. HP: 24/27 MP: 1/1
   597 | D:1      | Reached skill level 4 in Polearms
  1210 | D:2      | Reached XP level 3. HP: 33/33 MP: 2/2
  1487 | D:2      | Reached ** piety under Trog
  1840 | D:2      | Reached XP level 4. HP: 36/40 MP: 3/3
  2179 | D:3      | Reached skill level 1 in Shields
  2383 | D:3      | Reached skill level 5 in Polearms
  2450 | D:3      | Found a burning altar of Makhleb.
  2481 | D:3      | Reached XP level 5. HP: 47/47 MP: 4/4
  2770 | D:3      | Reached *** piety under Trog
  2812 | D:3      | Noticed Jessica
  2932 | D:3      | Killed Jessica
  2945 | D:3      | Found a shimmering blue altar of Sif Muna.
  3097 | D:4      | Reached XP level 6. HP: 47/53 MP: 5/5
  3272 | D:4      | Noticed Grinder
  3288 | D:4      | Reached skill level 6 in Polearms
  3291 | D:4      | Killed Grinder
  3292 | D:4      | Reached skill level 5 in Fighting
  3292 | D:4      | Reached XP level 7. HP: 61/61 MP: 6/6
  3665 | D:4      | Found a staircase to the Ecumenical Temple.
  3683 | D:5      | Entered Level 5 of the Dungeon
  3846 | D:5      | Found a hide-covered altar of Uskayaw.
  3847 | D:5      | Noticed a +0 hand axe
  3847 | D:5      | Noticed a +0 dagger
  3902 | D:5      | HP: 3/91 [something/puff of flame (5)]
  3904 | D:5      | Reached skill level 7 in Polearms
  4235 | D:5      | Noticed Blork the orc
  4247 | D:5      | Killed Blork the orc
  4248 | D:5      | Reached skill level 5 in Armour
  4259 | D:5      | Reached **** piety under Trog
  4302 | D:5      | Reached XP level 8. HP: 43/70 MP: 7/7
  4709 | D:5      | Reached skill level 5 in Dodging
  4728 | D:5      | Reached skill level 8 in Polearms
  4849 | D:5      | Found a runed translucent gate.
  4849 | D:5      | Found a runed translucent gate.
  4849 | D:5      | Found a runed translucent gate.
  4853 | D:5      | Noticed Gruesome's ghost (novice OpEE)
  5173 | D:5      | Found a sparkling altar of Nemelex Xobeh.
  5173 | D:5      | Found an opulent altar of Gozag.
  5626 | D:6      | Identified the +4 ring mail of Meplus {rC+}
  5800 | D:6      | Reached skill level 5 in Shields
  5892 | D:6      | Found a sacrificial altar of Ru.
  6604 | D:6      | Reached skill level 9 in Polearms
  6604 | D:6      | Reached XP level 9. HP: 78/78 MP: 8/8
  7228 | D:7      | Reached ***** piety under Trog
  7238 | D:7      | Identified the +2 whip of the Ring {holy, Dex+3}
  7613 | D:7      | Identified the +8 hand axe "Alall" {antimagic, rPois Int+3
                  | Dex-4}
  7942 | D:8      | Reached skill level 10 in Polearms
  8041 | D:8      | Found Mazaugh's Book Shoppe.
  8194 | D:8      | Reached XP level 10. HP: 75/88 MP: 9/9
  8219 | D:8      | Identified the +10 glaive of Moqeiguf {protect, rPois rF+
                  | rC+ Dex+3}
  8455 | D:8      | Found Xatzes's Assorted Antiques.
  8580 | D:8      | Found Taxah's Book Emporium.
  8582 | D:8      | Found Beun's Armour Boutique.
  8886 | D:9      | Found a glowing golden altar of the Shining One.
  9204 | D:9      | Reached skill level 11 in Polearms
  9697 | D:10     | Entered Level 10 of the Dungeon
  9920 | D:10     | Found a stormy altar of Qazlal.
 10226 | D:10     | Found a staircase to the Lair.
 10346 | D:10     | Noticed a two-headed ogre
 10346 | D:10     | Noticed a cyclops
 10349 | D:10     | Noticed a salamander
 10350 | D:10     | Noticed a fire dragon
 10363 | D:10     | Noticed a fire crab
 10363 | D:10     | a salamander changed into a fire crab
 10366 | D:10     | Killed a fire crab
 10378 | D:10     | Hit by a large rock thrown by a cyclops

Illustrated notes

Levels and vault maps discovered:
D:1:      psy_arrival_radial01, layout_loops_ring, serial_forest,
          infiniplex_forest_clump_long, infiniplex_forest_end_2,
          infiniplex_forest_lined_2, infiniplex_forest_clump_diagonal,
          infiniplex_forest_lined_3, infiniplex_forest_straight_5,
          infiniplex_forest_straight_2, infiniplex_forest_end_2,
          shapermc_ecumenical_altar_notcrosses, kennysheep_doodads
D:2:      wad_pebble_path, layout_basic, kennysheep_generic_room_16
D:3:      layout_basic, lemuel_round_altar, tgw_sif, minmay_misc_feat_diagonals,
          kennysheep_donut
D:4:      layout_rooms, minmay_temple_entry_statues_pillars,
          minmay_misc_feat_rows, uniq_grinder
D:5:      layout_basic, grunt_temple_overflow_opulence, dancing_weapons_uskayaw,
          ebering_ghost_rock_garden, hangedman_abyss_or_decor_passed,
          uniq_blork_the_orc
D:6:      layout_loops_corners, old_standard_altar
D:7:      layout_basic, hangedman_abyss_or_decor_slice
D:8:      layout_gridville, serial_shops, shop, nicolae_shop_trees,
          nicolae_shop_stone, shop
D:9:      layout_stronghold, nicolae_tso_swordbearing_angel
D:10:     minmay_the_grid_triangle_9x9_recursive_2_mashed
          [minmay_the_grid_triangle_9x9_prize_center,
          minmay_the_grid_triangle_9x9_steps,
          minmay_the_grid_triangle_9x9_flanged_cone,
          minmay_the_grid_triangle_9x9_windchime], layout_basic,
          amcnicky_altar_gilded, grunt_lair_entry_orc_guard_hut,
          hiddenorc1_lemuel

Skill      XL: |  1  2  3  4  5  6  7  8  9 10 |
---------------+-------------------------------+-----
Polearms       | 4 5 6 7 9 10 11 | 11.9
Fighting       | 4 5 6 7 9 |  9.0
Armour         | 3 4 5 6 7 8 |  8.7
Shields        | 1 2 3 4 5 6 |  6.7
Dodging        | 3 4 5 6 7 |  7.9

Action                   |  1- 3 |  4- 6 |  7- 9 | 10-12 || total
-------------------------+-------+-------+-------+-------++-------
Melee: Spear             |    95 |   153 |   396 |       ||   644
       Headbutt          |     8 |    33 |    84 |    20 ||   145
       Glaive            |       |       |       |   115 ||   115
Invok: Trog's Hand       |       |     1 |       |     1 ||     2
       Berserk           |       |     1 |     4 |     2 ||     7
  Use: Scroll            |       |       |     3 |    15 ||    18
       Potion            |       |       |       |     1 ||     1
Armor: Animal skin       |     3 |       |       |       ||     3
       Chain mail        |    29 |    31 |     4 |       ||    64
       Plate armour      |       |       |    84 |    48 ||   132
Dodge: Dodged            |    29 |    45 |    82 |    54 ||   210
Block: Buckler           |     4 |    22 |    46 |       ||    72

Table legend: (Time is in decaauts)
 A = Elapsed time spent in this place.
 B = Non-inter-level travel time spent in this place.
 C = Inter-level travel time spent in this place.
 D = Time resting spent in this place.
 E = Time spent auto-exploring this place.
 F = Levels seen in this place.
 G = Mean time per level.
                   A        B        C        D        E       F      G
               +--------+--------+--------+--------+--------+-----+--------+
         Total |  10292 |   9967 |    325 |   1519 |   6849 |  10 | 1029.2 |
       Dungeon |  10292 |   9967 |    325 |   1519 |   6849 |  10 | 1029.2 |
               +--------+--------+--------+--------+--------+-----+--------+

Top non-repeatable levels by time:
     D:6: 1275 daAuts
     D:5: 1229 daAuts
     D:7: 1178 daAuts
     D:1: 1119 daAuts
     D:4: 1086 daAuts
     D:2: 1041 daAuts
     D:8: 926 daAuts
     D:9: 923 daAuts
     D:3: 820 daAuts
    D:10: 691 daAuts
